Login

Boston Bruins vs Florida Panthers

Created - 25 March 2024 at 23:13

Goals
1 2 3 T
Boston Bruins 1 1 2 4
Florida Panthers 0 1 1 2
Shots
1 2 3 T
Boston Bruins 19 9 15 43
Florida Panthers 5 15 13 33

GoalsPenalties
1st period
1. Boston Bruins , Jake DeBrusk 3 (Brandon Carlo 2, Pavel Zacha 7) at 10:37 (PP)
Brandon Montour (FLA) for Slashing (Minor) at 9:41
2nd period
2. Florida Panthers , Brandon Montour 3 (Gustav Forsling 4, Marc-Andre Fleury) at 2:55 (PP)
3. Boston Bruins , Danton Heinen 2 (Brandon Carlo 3, Patrick Brown 1) at 12:40
Derek Forbort (BOS) for Tripping (Minor) at 2:06
Charlie McAvoy (BOS) for Roughing (Minor) at 7:27
Charlie McAvoy (BOS) for Roughing (Minor) at 16:29
3rd period
4. Florida Panthers , Aleksander Barkov 3 (Gustav Forsling 5) at 0:06
5. Boston Bruins , Pavel Zacha 2 (David Pastrnak 7, Dominik Kubalik 2) at 0:44
6. Boston Bruins , Brad Marchand 4 (Tony DeAngelo 4) at 15:46
Milan Lucic (BOS) for Tripping (Minor) at 7:43
Charlie McAvoy (BOS) for Hooking (Minor) at 12:24
Aaron Ekblad (FLA) for Holding (Minor) at 17:37
Goalie Stats
Linus Ullmark (BOS), 31 saves from 33 shots - (0.939), W, 7-2-0, 60:00 minutes
Marc-Andre Fleury (FLA), 39 saves from 43 shots - (0.907), L, 4-1-1, 60:00 minutes
3 StarsOfficial
1 - Pavel Zacha (BOS)
2 - Brad Marchand (BOS)
3 - Danton Heinen (BOS)
Referees : Andrew Howard and Michael Markovic
Linesman : Ryan Daisy and Steven Walsh
Game Note
No Game Note
Finance
Level 1 -- Attendance: 5326 (88.77%) -- Ticket Income $532,600
Level 2 -- Attendance: 4722 (94.44%) -- Ticket Income $283,320
Level 3 -- Attendance: 1781 (89.05%) -- Ticket Income $62,335
Level 4 -- Attendance: 3517 (87.93%) -- Ticket Income $87,925
Luxury Box -- Attendance: 907 (90.70%) -- Ticket Income $181,400
Game was played at the FLA Live Arena.
Total Attendance: 16253 (90.29%)
Total Ticket Income: $1,147,580
Other Income: $562,314
Total Income: $1,709,894



Team Name Goals Shots Shots Attemp Shots Blocked PIM HIT PP PK FO%
Boston Bruins 443771310171 / 2 (50%)143%
Florida Panthers 2336674151 / 5 (20%)157%

Boston Bruins
Player Name POS G A P +/- PIM HIT SHT SB MP PP MP PP SHT PK MP PK SHT FO% FOT GA TA
Brad MarchandLW10100311220:561:3724:1010% 210
Brandon CarloD0221000121:260:3503:4500% 000
Charlie CoyleC0000012320:561:3714:10060% 3000
Charlie McAvoyD0000626019:081:3211:2400% 012
Danton HeinenLW101101107:400:0000:0000% 000
David PastrnakRW0111012115:491:3710:0000% 001
Derek ForbortD0000211123:270:2705:3700% 003
Dominik KubalikLW0111011116:451:1800:0000% 000
Erik BrannstromD0001010014:390:5600:3000% 001
Hampus LindholmD0001001125:442:2004:3800% 000
Jake DeBruskLW1010014119:061:1814:350100% 120
Jesper FastRW0000004011:150:0000:0000% 101
Milan LucicLW0000220011:200:0000:0000% 100
Morgan GeekieC000100007:400:0000:0000% 100
Patrick BrownC011101007:400:0000:00050% 200
Pavel ZachaC1121014220:091:1814:35040% 3000
Tony DeAngeloD0111005016:150:0001:3600% 000
Trent FredericC0000011011:150:0000:00027% 1500
Florida Panthers
Player Name POS G A P +/- PIM HIT SHT SB MP PP MP PP SHT PK MP PK SHT FO% FOT GA TA
Aaron EkbladD000-1210121:384:0600:0000% 000
Aleksander BarkovC1011012020:154:1210:14056% 3222
Brandon MontourD101-1217022:074:3920:4100% 000
Carter VerhaegheLW0001004120:014:1220:0000% 110
Dougie HamiltonD000-1022021:384:0600:0000% 011
Eetu LuostarinenC000000107:430:0002:13030% 1011
Erik HaulaC000-3001018:524:3300:00066% 3200
Evan RodriguesC0001021020:014:1210:00033% 300
Gustav ForslingD022-1020223:304:3901:1800% 010
Jacob Bernard-DockerD000000014:120:0000:0800% 000
Jason DickinsonC0000005013:100:0000:28067% 300
Josh MahuraD0000000011:100:0001:3700% 000
Matthew TkachukLW000-3012018:524:3300:000100% 110
Nick CousinsLW0000002012:560:0000:1400% 000
Niko MikkolaD0000001116:060:0002:0600% 000
Ryan LombergLW000000006:310:0001:2400% 000
Sam ReinhartRW000-3015023:594:3300:000100% 110
Steven LorentzLW0000040114:220:0001:1700% 000

Boston Bruins

5 vs 5 Forward
Line #Left WingCenterRight WingPHYDFOFWanted %Time %Time Play
1Dominik KubalikPavel ZachaDavid Pastrnak0323434%16:12
2Brad MarchandCharlie CoyleJake DeBrusk0413027%13:13
3Milan LucicTrent FredericJesper Fast0322423%11:15
4Danton HeinenPatrick BrownMorgan Geekie1221216%7:40
5 vs 5 Defense
Line #DefenseDefensePHYDFOFWanted %Time %Time Play
1Derek ForbortCharlie McAvoy0413836%17:30
2Hampus LindholmBrandon Carlo0413535%17:06
3Tony DeAngeloErik Brannstrom1312727%13:08
4Hampus LindholmCharlie McAvoy11301%0:36
Power Play Forward
Line #Left WingCenterRight WingPHYDFOFWanted %Time %Time Play
1Brad MarchandCharlie CoyleDavid Pastrnak0146055%1:37
2Jake DeBruskPavel ZachaDominik Kubalik1134045%1:18
Power Play Defense
Line #DefenseDefensePHYDFOFWanted %Time %Time Play
1Hampus LindholmCharlie McAvoy0146080%2:20
2Brandon CarloDerek Forbort0144020%0:35
Penalty Kill 4 Players Forward
Line #CenterWingPHYDFOFWanted %Time %Time Play
1Charlie CoyleBrad Marchand0415048%4:10
2Pavel ZachaJake DeBrusk0325052%4:35
Penalty Kill 4 Players Defense
Line #DefenseDefensePHYDFOFWanted %Time %Time Play
1Hampus LindholmCharlie McAvoy1405057%5:00
2Brandon CarloDerek Forbort1405043%3:45
Penalty Kill 3 Players
Line #WingPHYDFOFWanted %Time %Time PlayDefenseDefensePHYDFOFWanted %Time %Time Play
1Charlie Coyle230500%0:00 Hampus LindholmCharlie McAvoy140500%0:00
2Pavel Zacha140500%0:00 Brandon CarloDerek Forbort050500%0:00
4 vs 4 Forward
Line #CenterWingPHYDFOFWanted %Time %Time Play
1Charlie CoyleBrad Marchand122600%0:00
2Pavel ZachaJake DeBrusk122400%0:00
4 vs 4 Defense
Line #DefensePHYDFOFWanted %Time %Time Play
1Hampus LindholmCharlie McAvoy122600%0:00
2Brandon CarloDerek Forbort122400%0:00
Last Minutes Offensive
Left WingCenterRight WingDefenseDefense
Brad MarchandCharlie CoyleDavid PastrnakHampus LindholmCharlie McAvoy
Last Minutes Defensive
Left WingCenterRight WingDefenseDefense
Brad MarchandCharlie CoyleDavid PastrnakHampus LindholmCharlie McAvoy
Time
Total ForwardTotal DefenseLast Minutes OffensiveLast Minutes Defensive
60:00 60:00 0:000:00
Extra Forwards
Normal PowerPlayPenalty Kill
Pavel Zacha, Dominik Kubalik, Milan LucicPavel Zacha, Dominik KubalikPavel Zacha
Extra Defensemen
Normal PowerPlayPenalty Kill
Derek Forbort, Tony DeAngelo, Erik BrannstromDerek Forbort, Derek ForbortTony DeAngelo
Penalty Shots
David Pastrnak, Brad Marchand, Charlie Coyle, Jake DeBrusk, Pavel Zacha
Goalie
Linus Ullmark, Petr Mrazek
Custom OT Lines Forwards
David Pastrnak, Brad Marchand, Charlie Coyle, Jake DeBrusk, Pavel Zacha, Dominik Kubalik, Milan Lucic, Tony DeAngelo, Trent Frederic, Morgan Geekie
Custom OT Lines Defensemen
Hampus Lindholm, Charlie McAvoy, Brandon Carlo, Derek Forbort, Tony DeAngelo
Scratches
Jesper Boqvist (Healthy), Alec Regula (Healthy)

Florida Panthers

5 vs 5 Forward
Line #Left WingCenterRight WingPHYDFOFWanted %Time %Time Play
1Carter VerhaegheAleksander BarkovEvan Rodrigues0143534%16:12
2Matthew TkachukErik HaulaSam Reinhart0233330%14:19
3Nick CousinsJason DickinsonSteven Lorentz0322226%12:42
4Ryan LombergEetu LuostarinenSam Reinhart0411011%5:07
5 vs 5 Defense
Line #DefenseDefensePHYDFOFWanted %Time %Time Play
1Brandon MontourAaron Ekblad1223536%17:33
2Dougie HamiltonGustav Forsling1223536%17:10
3Josh MahuraNiko Mikkola1222020%9:33
4Jacob Bernard-DockerNiko Mikkola122108%4:04
Power Play Forward
Line #Left WingCenterRight WingPHYDFOFWanted %Time %Time Play
1Carter VerhaegheAleksander BarkovEvan Rodrigues0145048%4:12
2Matthew TkachukErik HaulaSam Reinhart0145052%4:33
Power Play Defense
Line #DefenseDefensePHYDFOFWanted %Time %Time Play
1Dougie HamiltonAaron Ekblad1135047%4:06
2Brandon MontourGustav Forsling1135053%4:39
Penalty Kill 4 Players Forward
Line #CenterWingPHYDFOFWanted %Time %Time Play
1Eetu LuostarinenSteven Lorentz1226084%2:27
2Jason DickinsonRyan Lomberg1224016%0:28
Penalty Kill 4 Players Defense
Line #DefenseDefensePHYDFOFWanted %Time %Time Play
1Gustav ForslingNiko Mikkola1226045%1:18
2Brandon MontourJosh Mahura1224055%1:37
Penalty Kill 3 Players
Line #WingPHYDFOFWanted %Time %Time PlayDefenseDefensePHYDFOFWanted %Time %Time Play
1Jason Dickinson032500%0:00 Dougie HamiltonJosh Mahura041500%0:00
2Eetu Luostarinen032500%0:00 Brandon MontourNiko Mikkola041500%0:00
4 vs 4 Forward
Line #CenterWingPHYDFOFWanted %Time %Time Play
1Sam ReinhartMatthew Tkachuk023500%0:00
2Eetu LuostarinenCarter Verhaeghe023500%0:00
4 vs 4 Defense
Line #DefensePHYDFOFWanted %Time %Time Play
1Brandon MontourGustav Forsling023500%0:00
2Dougie HamiltonAaron Ekblad023500%0:00
Last Minutes Offensive
Left WingCenterRight WingDefenseDefense
Matthew TkachukAleksander BarkovCarter VerhaegheDougie HamiltonBrandon Montour
Last Minutes Defensive
Left WingCenterRight WingDefenseDefense
Matthew TkachukAleksander BarkovEetu LuostarinenAaron EkbladGustav Forsling
Time
Total ForwardTotal DefenseLast Minutes OffensiveLast Minutes Defensive
60:00 60:00 0:000:00
Extra Forwards
Normal PowerPlayPenalty Kill
Aleksander Barkov, Matthew Tkachuk, Carter VerhaegheSam Reinhart, Aleksander BarkovEetu Luostarinen
Extra Defensemen
Normal PowerPlayPenalty Kill
Dougie Hamilton, Brandon Montour, Aaron EkbladDougie Hamilton, Gustav ForslingNiko Mikkola
Penalty Shots
Aleksander Barkov, Evan Rodrigues, Sam Reinhart, Matthew Tkachuk, Carter Verhaeghe
Goalie
Marc-Andre Fleury, Sergei Bobrovsky
Custom OT Lines Forwards
Aleksander Barkov, Matthew Tkachuk, Sam Reinhart, Carter Verhaeghe, Jason Dickinson, Erik Haula, Eetu Luostarinen, Ryan Lomberg, Evan Rodrigues, Steven Lorentz
Custom OT Lines Defensemen
Dougie Hamilton, Aaron Ekblad, Brandon Montour, Gustav Forsling, Niko Mikkola
Scratches
Anthony Stolarz (Healthy)


Play-by-Play

1st period


0:01 of 1st period - Aleksander Barkov wins face-off versus Pavel Zacha in neutral zone.
0:03 of 1st period - Off-side.
0:04 of 1st period - Pavel Zacha wins face-off versus Aleksander Barkov in neutral zone.
0:09 of 1st period - Snap shot by David Pastrnak.
0:09 of 1st period - Shot Misses the Net.
0:11 of 1st period - Snap shot by Charlie McAvoy.
0:11 of 1st period - Stopped by Marc-Andre Fleury without a rebound.
0:12 of 1st period - Erik Haula wins face-off versus Charlie Coyle in Florida Panthers zone.
0:21 of 1st period - Wrist shot by Matthew Tkachuk.
0:21 of 1st period - Stopped by Linus Ullmark with a rebound.
0:41 of 1st period - Jason Dickinson is hit by Milan Lucic.
1:52 of 1st period - Ryan Lomberg is hit by Brad Marchand and loses puck.
1:59 of 1st period - Slapshot by Jake DeBrusk.
1:59 of 1st period - Shot Misses the Net.
2:01 of 1st period - Slapshot by Derek Forbort.
2:01 of 1st period - Shot Misses the Net.
2:19 of 1st period - Nick Cousins is hit by Trent Frederic and loses puck.
2:58 of 1st period - Brandon Montour is hit by Danton Heinen and loses puck.
3:16 of 1st period - Aaron Ekblad is hit by Derek Forbort and loses puck.
3:31 of 1st period - Jason Dickinson is hit by David Pastrnak and loses puck.
3:51 of 1st period - Icing by Jason Dickinson.
3:52 of 1st period - Aleksander Barkov wins face-off versus Trent Frederic in Florida Panthers zone.
3:57 of 1st period - Derek Forbort is hit by Dougie Hamilton and loses puck.
4:04 of 1st period - Slapshot by Trent Frederic.
4:04 of 1st period - Shot Misses the Net.
4:06 of 1st period - Wrist shot by Jesper Fast.
4:06 of 1st period - Shot Misses the Net.
4:08 of 1st period - Wrist shot by Derek Forbort.
4:08 of 1st period - Stopped by Marc-Andre Fleury without a rebound.
4:09 of 1st period - Pavel Zacha wins face-off versus Erik Haula in Florida Panthers zone.
4:43 of 1st period - Wrist shot by Brandon Montour.
4:43 of 1st period - Stopped by Linus Ullmark without a rebound.
4:44 of 1st period - Charlie Coyle wins face-off versus Erik Haula in Boston Bruins zone.
4:44 of 1st period - Charlie Coyle is hit by Matthew Tkachuk.
5:36 of 1st period - Brandon Carlo is hit by Steven Lorentz and loses puck.
5:57 of 1st period - Wrist shot by Danton Heinen.
5:57 of 1st period - Shot Blocked by Gustav Forsling.
6:15 of 1st period - Backhand shot by Jake DeBrusk.
6:15 of 1st period - Stopped by Marc-Andre Fleury with a rebound.
6:17 of 1st period - Wrist shot by Charlie Coyle.
6:17 of 1st period - Shot Misses the Net.
6:19 of 1st period - Snap shot by Brad Marchand.
6:19 of 1st period - Shot Misses the Net.
6:21 of 1st period - Wrist shot by Charlie Coyle.
6:21 of 1st period - Stopped by Marc-Andre Fleury without a rebound.
6:22 of 1st period - Pavel Zacha wins face-off versus Aleksander Barkov in Florida Panthers zone.
6:57 of 1st period - Wrist shot by Brad Marchand.
6:57 of 1st period - Stopped by Marc-Andre Fleury without a rebound.
6:58 of 1st period - Trent Frederic wins face-off versus Erik Haula in Florida Panthers zone.
7:01 of 1st period - Slapshot by Jesper Fast.
7:01 of 1st period - Stopped by Marc-Andre Fleury without a rebound.
7:02 of 1st period - Erik Haula wins face-off versus Trent Frederic in Florida Panthers zone.
7:13 of 1st period - Wrist shot by Charlie McAvoy.
7:13 of 1st period - Stopped by Marc-Andre Fleury with a rebound.
7:33 of 1st period - Derek Forbort is hit by Steven Lorentz and loses puck.
7:47 of 1st period - Milan Lucic is hit by Dougie Hamilton and loses puck.
8:08 of 1st period - Trent Frederic is hit by Steven Lorentz and loses puck.
9:15 of 1st period - Steven Lorentz is hit by Milan Lucic and loses puck.
9:30 of 1st period - Snap shot by Trent Frederic.
9:30 of 1st period - Stopped by Marc-Andre Fleury with a rebound.
9:32 of 1st period - Slapshot by Derek Forbort.
9:32 of 1st period - Deflect By Trent Frederic.
9:32 of 1st period - Shot Misses the Net.
9:32 of 1st period - Puck is out of play.
9:33 of 1st period - Pavel Zacha wins face-off versus Erik Haula in Florida Panthers zone.
9:41 of 1st period - Minor Penalty to Brandon Montour for Slashing.
9:42 of 1st period - Charlie Coyle wins face-off versus Eetu Luostarinen in Florida Panthers zone.
10:21 of 1st period - Slapshot by Brad Marchand.
10:21 of 1st period - Stopped by Marc-Andre Fleury with a rebound.
10:23 of 1st period - Wrist shot by Brad Marchand.
10:23 of 1st period - Stopped by Marc-Andre Fleury with a rebound.
10:27 of 1st period - Snap shot by David Pastrnak.
10:27 of 1st period - Stopped by Marc-Andre Fleury with a rebound.
10:29 of 1st period - Wrist shot by Charlie Coyle.
10:29 of 1st period - Stopped by Marc-Andre Fleury without a rebound.
10:30 of 1st period - Pavel Zacha wins face-off versus Eetu Luostarinen in Florida Panthers zone.
10:33 of 1st period - Slapshot by Pavel Zacha.
10:33 of 1st period - Shot Misses the Net.
10:35 of 1st period - Wrist shot by Brandon Carlo.
10:35 of 1st period - Shot Misses the Net.
10:37 of 1st period - Wrist shot by Jake DeBrusk.
10:37 of 1st period - Deflect By Eetu Luostarinen.
10:37 of 1st period - Goal by Jake DeBrusk - Boston Bruins : 1 - Florida Panthers : 0.
10:38 of 1st period - Erik Haula wins face-off versus Pavel Zacha in neutral zone.
10:51 of 1st period - Snap shot by Matthew Tkachuk.
10:51 of 1st period - Shot Misses the Net.
11:30 of 1st period - Niko Mikkola is hit by Erik Brannstrom and loses puck.
12:56 of 1st period - Brandon Carlo is hit by Sam Reinhart and loses puck.
13:48 of 1st period - Backhand shot by Tony DeAngelo.
13:48 of 1st period - Stopped by Marc-Andre Fleury without a rebound.
13:49 of 1st period - Pavel Zacha wins face-off versus Jason Dickinson in Florida Panthers zone.
13:54 of 1st period - Slapshot by David Pastrnak.
13:54 of 1st period - Stopped by Marc-Andre Fleury without a rebound.
13:55 of 1st period - Pavel Zacha wins face-off versus Erik Haula in Florida Panthers zone.
14:26 of 1st period - Wrist shot by Jake DeBrusk.
14:26 of 1st period - Stopped by Marc-Andre Fleury without a rebound.
14:27 of 1st period - Charlie Coyle wins face-off versus Carter Verhaeghe in Florida Panthers zone.
15:12 of 1st period - Snap shot by Carter Verhaeghe.
15:12 of 1st period - Stopped by Linus Ullmark with a rebound.
15:37 of 1st period - Snap shot by Brad Marchand.
15:37 of 1st period - Stopped by Marc-Andre Fleury with a rebound.
15:39 of 1st period - Snap shot by Brad Marchand.
15:39 of 1st period - Shot Misses the Net.
15:41 of 1st period - Slapshot by Brad Marchand.
15:41 of 1st period - Stopped by Marc-Andre Fleury without a rebound.
15:42 of 1st period - Pavel Zacha wins face-off versus Erik Haula in Florida Panthers zone.
16:31 of 1st period - Icing by Derek Forbort.
16:32 of 1st period - Eetu Luostarinen wins face-off versus Trent Frederic in Boston Bruins zone.
16:43 of 1st period - Snap shot by Sam Reinhart.
16:43 of 1st period - Shot Misses the Net.
16:45 of 1st period - Snap shot by Eetu Luostarinen.
16:45 of 1st period - Deflect By Sam Reinhart.
16:45 of 1st period - Stopped by Linus Ullmark without a rebound.
16:46 of 1st period - Erik Haula wins face-off versus Pavel Zacha in Boston Bruins zone.
16:51 of 1st period - Slapshot by Brandon Montour.
16:51 of 1st period - Shot Blocked by Pavel Zacha.
16:53 of 1st period - Snap shot by Erik Haula.
16:53 of 1st period - Deflect By Matthew Tkachuk.
16:53 of 1st period - Shot Misses the Net.
16:53 of 1st period - Puck is out of play.
16:54 of 1st period - Pavel Zacha wins face-off versus Erik Haula in Boston Bruins zone.
17:05 of 1st period - Slapshot by Pavel Zacha.
17:05 of 1st period - Shot Misses the Net.
17:43 of 1st period - Wrist shot by Dominik Kubalik.
17:43 of 1st period - Shot Misses the Net.
17:53 of 1st period - Snap shot by Sam Reinhart.
17:53 of 1st period - Deflect By Matthew Tkachuk.
17:53 of 1st period - Shot Blocked by David Pastrnak.
17:53 of 1st period - Puck is out of play.
17:54 of 1st period - Charlie Coyle wins face-off versus Aleksander Barkov in Boston Bruins zone.
18:26 of 1st period - Slapshot by Dougie Hamilton.
18:26 of 1st period - Shot Misses the Net.
18:28 of 1st period - Slapshot by Steven Lorentz.
18:28 of 1st period - Shot Misses the Net.
18:30 of 1st period - Wrist shot by Nick Cousins.
18:30 of 1st period - Stopped by Linus Ullmark without a rebound.
18:31 of 1st period - Charlie Coyle wins face-off versus Evan Rodrigues in Boston Bruins zone.
18:40 of 1st period - Snap shot by Jake DeBrusk.
18:40 of 1st period - Shot Blocked by Carter Verhaeghe.
18:42 of 1st period - Wrist shot by Charlie Coyle.
18:42 of 1st period - Deflect By Brad Marchand.
18:42 of 1st period - Shot Hit the Post.
18:42 of 1st period - Puck is out of play.
18:43 of 1st period - Erik Haula wins face-off versus Pavel Zacha in Florida Panthers zone.
19:41 of 1st period - Slapshot by Tony DeAngelo.
19:41 of 1st period - Stopped by Marc-Andre Fleury with a rebound.
Goals for this period are 1 for Boston Bruins vs 0 for Florida Panthers.
Shots for this period are 19 for Boston Bruins vs 5 for Florida Panthers.

2nd period


0:01 of 2nd period - Pavel Zacha wins face-off versus Erik Haula in neutral zone.
0:08 of 2nd period - Slapshot by Brandon Montour.
0:08 of 2nd period - Stopped by Linus Ullmark without a rebound.
0:09 of 2nd period - Erik Haula wins face-off versus Pavel Zacha in Boston Bruins zone.
0:12 of 2nd period - Slapshot by Matthew Tkachuk.
0:12 of 2nd period - Shot Misses the Net.
0:38 of 2nd period - Slapshot by Matthew Tkachuk.
0:38 of 2nd period - Shot Blocked by Brandon Carlo.
0:44 of 2nd period - Snap shot by Sam Reinhart.
0:44 of 2nd period - Stopped by Linus Ullmark with a rebound.
0:57 of 2nd period - Off-side.
0:58 of 2nd period - Aleksander Barkov wins face-off versus Charlie Coyle in neutral zone.
1:06 of 2nd period - Aleksander Barkov is hit by Jake DeBrusk and loses puck.
1:51 of 2nd period - Slapshot by Charlie McAvoy.
1:51 of 2nd period - Stopped by Marc-Andre Fleury with a rebound.
1:53 of 2nd period - Slapshot by Jesper Fast.
1:53 of 2nd period - Stopped by Marc-Andre Fleury with a rebound.
2:06 of 2nd period - Minor Penalty to Derek Forbort for Tripping.
2:07 of 2nd period - Aleksander Barkov wins face-off versus Charlie Coyle in Boston Bruins zone.
2:55 of 2nd period - Slapshot by Brandon Montour.
2:55 of 2nd period - Goal by Brandon Montour - Boston Bruins : 1 - Florida Panthers : 1.
2:56 of 2nd period - Jake DeBrusk wins face-off versus Aleksander Barkov in neutral zone.
3:01 of 2nd period - Snap shot by Jake DeBrusk.
3:01 of 2nd period - Stopped by Marc-Andre Fleury without a rebound.
3:02 of 2nd period - Charlie Coyle wins face-off versus Aleksander Barkov in Florida Panthers zone.
3:03 of 2nd period - Snap shot by Brad Marchand.
3:03 of 2nd period - Stopped by Marc-Andre Fleury without a rebound.
3:04 of 2nd period - Aleksander Barkov wins face-off versus Charlie Coyle in Florida Panthers zone.
3:21 of 2nd period - Snap shot by Aleksander Barkov.
3:21 of 2nd period - Deflect By Evan Rodrigues.
3:21 of 2nd period - Shot Misses the Net.
3:21 of 2nd period - Puck is out of play.
3:22 of 2nd period - Erik Haula wins face-off versus Pavel Zacha in Boston Bruins zone.
3:23 of 2nd period - Snap shot by Matthew Tkachuk.
3:23 of 2nd period - Stopped by Linus Ullmark without a rebound.
3:24 of 2nd period - Erik Haula wins face-off versus Pavel Zacha in Boston Bruins zone.
5:30 of 2nd period - Snap shot by Danton Heinen.
5:30 of 2nd period - Deflect By Patrick Brown.
5:30 of 2nd period - Shot Misses the Net.
5:30 of 2nd period - Puck is out of play.
5:31 of 2nd period - Sam Reinhart wins face-off versus Morgan Geekie in Florida Panthers zone.
5:55 of 2nd period - Morgan Geekie is hit by Gustav Forsling and loses puck.
6:18 of 2nd period - Slapshot by Charlie McAvoy.
6:18 of 2nd period - Deflect By Matthew Tkachuk.
6:18 of 2nd period - Stopped by Marc-Andre Fleury without a rebound.
6:19 of 2nd period - Aleksander Barkov wins face-off versus Pavel Zacha in Florida Panthers zone.
6:26 of 2nd period - Niko Mikkola is hit by Pavel Zacha and loses puck.
6:31 of 2nd period - Slapshot by Pavel Zacha.
6:31 of 2nd period - Stopped by Marc-Andre Fleury with a rebound.
6:33 of 2nd period - Slapshot by Tony DeAngelo.
6:33 of 2nd period - Deflect By David Pastrnak.
6:33 of 2nd period - Shot Misses the Net.
6:33 of 2nd period - Puck is out of play.
6:34 of 2nd period - Aleksander Barkov wins face-off versus Charlie Coyle in Florida Panthers zone.
6:43 of 2nd period - Aaron Ekblad is hit by Charlie Coyle and loses puck.
7:04 of 2nd period - Slapshot by Brandon Montour.
7:04 of 2nd period - Stopped by Linus Ullmark without a rebound.
7:05 of 2nd period - Jason Dickinson wins face-off versus Pavel Zacha in Boston Bruins zone.
7:10 of 2nd period - Snap shot by Jason Dickinson.
7:10 of 2nd period - Stopped by Linus Ullmark without a rebound.
7:11 of 2nd period - Erik Haula wins face-off versus Pavel Zacha in Boston Bruins zone.
7:24 of 2nd period - Wrist shot by Sam Reinhart.
7:24 of 2nd period - Stopped by Linus Ullmark without a rebound.
7:25 of 2nd period - Charlie Coyle wins face-off versus Aleksander Barkov in Boston Bruins zone.
7:27 of 2nd period - Minor Penalty to Charlie McAvoy for Roughing.
7:28 of 2nd period - Aleksander Barkov wins face-off versus Charlie Coyle in Boston Bruins zone.
7:32 of 2nd period - Slapshot by Dougie Hamilton.
7:32 of 2nd period - Shot Blocked by Charlie Coyle.
7:34 of 2nd period - Snap shot by Evan Rodrigues.
7:34 of 2nd period - Shot Blocked by Charlie Coyle.
7:36 of 2nd period - Snap shot by Evan Rodrigues.
7:36 of 2nd period - Stopped by Linus Ullmark with a rebound.
7:38 of 2nd period - Slapshot by Carter Verhaeghe.
7:38 of 2nd period - Stopped by Linus Ullmark without a rebound.
7:39 of 2nd period - Erik Haula wins face-off versus Pavel Zacha in Boston Bruins zone.
9:27 of 2nd period - Penalty to Charlie McAvoy is over, Charlie McAvoy is back on ice.
9:30 of 2nd period - Hampus Lindholm is hit by Steven Lorentz and loses puck.
10:11 of 2nd period - Slapshot by Dougie Hamilton.
10:11 of 2nd period - Stopped by Linus Ullmark with a rebound.
10:28 of 2nd period - Nick Cousins is hit by Brad Marchand and loses puck.
10:41 of 2nd period - Snap shot by Brad Marchand.
10:41 of 2nd period - Shot Misses the Net.
10:43 of 2nd period - Snap shot by Brad Marchand.
10:43 of 2nd period - Shot Blocked by Steven Lorentz.
10:45 of 2nd period - Snap shot by Erik Brannstrom.
10:45 of 2nd period - Deflect By Brad Marchand.
10:45 of 2nd period - Stopped by Marc-Andre Fleury with a rebound.
11:09 of 2nd period - Wrist shot by Dominik Kubalik.
11:09 of 2nd period - Stopped by Marc-Andre Fleury without a rebound.
11:10 of 2nd period - Aleksander Barkov wins face-off versus Trent Frederic in Florida Panthers zone.
11:17 of 2nd period - Wrist shot by Carter Verhaeghe.
11:17 of 2nd period - Shot Misses the Net.
11:37 of 2nd period - Brandon Montour is hit by Charlie McAvoy and loses puck.
11:41 of 2nd period - Icing by Gustav Forsling.
11:42 of 2nd period - Matthew Tkachuk wins face-off versus Patrick Brown in Florida Panthers zone.
12:03 of 2nd period - Erik Haula is hit by Patrick Brown and loses puck.
12:32 of 2nd period - Slapshot by Danton Heinen.
12:32 of 2nd period - Shot Misses the Net.
12:34 of 2nd period - Wrist shot by Patrick Brown.
12:34 of 2nd period - Shot Misses the Net.
12:36 of 2nd period - Slapshot by Brandon Carlo.
12:36 of 2nd period - Shot Misses the Net.
12:38 of 2nd period - Slapshot by Brandon Carlo.
12:38 of 2nd period - Shot Blocked by Gustav Forsling.
12:40 of 2nd period - Snap shot by Danton Heinen.
12:40 of 2nd period - Goal by Danton Heinen - Boston Bruins : 2 - Florida Panthers : 1.
12:41 of 2nd period - Aleksander Barkov wins face-off versus Milan Lucic in neutral zone.
12:54 of 2nd period - Slapshot by Brandon Montour.
12:54 of 2nd period - Shot Misses the Net.
13:08 of 2nd period - Derek Forbort is hit by Brandon Montour.
13:16 of 2nd period - Snap shot by Aaron Ekblad.
13:16 of 2nd period - Shot Blocked by Dominik Kubalik.
13:18 of 2nd period - Wrist shot by Steven Lorentz.
13:18 of 2nd period - Shot Misses the Net.
13:20 of 2nd period - Snap shot by Steven Lorentz.
13:20 of 2nd period - Shot Misses the Net.
13:22 of 2nd period - Wrist shot by Brandon Montour.
13:22 of 2nd period - Shot Misses the Net.
14:09 of 2nd period - Icing by Hampus Lindholm.
14:10 of 2nd period - Erik Haula wins face-off versus Trent Frederic in Boston Bruins zone.
14:19 of 2nd period - Snap shot by Sam Reinhart.
14:19 of 2nd period - Stopped by Linus Ullmark without a rebound.
14:20 of 2nd period - Evan Rodrigues wins face-off versus Charlie Coyle in Boston Bruins zone.
14:54 of 2nd period - Snap shot by Pavel Zacha.
14:54 of 2nd period - Shot Misses the Net.
15:30 of 2nd period - Icing by David Pastrnak.
15:31 of 2nd period - Pavel Zacha wins face-off versus Aleksander Barkov in Boston Bruins zone.
15:50 of 2nd period - Icing by Evan Rodrigues.
15:51 of 2nd period - Charlie Coyle wins face-off versus Aleksander Barkov in Florida Panthers zone.
16:12 of 2nd period - Snap shot by Brandon Montour.
16:12 of 2nd period - Shot Misses the Net.
16:14 of 2nd period - Backhand shot by Aaron Ekblad.
16:14 of 2nd period - Deflect By Carter Verhaeghe.
16:14 of 2nd period - Shot Blocked by Brad Marchand.
16:14 of 2nd period - Puck is out of play.
16:15 of 2nd period - Erik Haula wins face-off versus Trent Frederic in Boston Bruins zone.
16:18 of 2nd period - Slapshot by Sam Reinhart.
16:18 of 2nd period - Deflect By Erik Haula.
16:18 of 2nd period - Stopped by Linus Ullmark without a rebound.
16:19 of 2nd period - Erik Haula wins face-off versus Trent Frederic in Boston Bruins zone.
16:20 of 2nd period - Snap shot by Matthew Tkachuk.
16:20 of 2nd period - Shot Misses the Net.
16:22 of 2nd period - Slapshot by Niko Mikkola.
16:22 of 2nd period - Stopped by Linus Ullmark without a rebound.
16:23 of 2nd period - Erik Haula wins face-off versus Trent Frederic in Boston Bruins zone.
16:29 of 2nd period - Minor Penalty to Charlie McAvoy for Roughing.
16:30 of 2nd period - Erik Haula wins face-off versus Brad Marchand in Boston Bruins zone.
17:05 of 2nd period - Wrist shot by Aleksander Barkov.
17:05 of 2nd period - Stopped by Linus Ullmark with a rebound.
17:07 of 2nd period - Slapshot by Gustav Forsling.
17:07 of 2nd period - Deflect By Carter Verhaeghe.
17:07 of 2nd period - Stopped by Linus Ullmark without a rebound.
17:08 of 2nd period - Erik Haula wins face-off versus Pavel Zacha in Boston Bruins zone.
17:39 of 2nd period - Derek Forbort is hit by Aleksander Barkov and loses puck.
17:46 of 2nd period - Slapshot by Dougie Hamilton.
17:46 of 2nd period - Shot Blocked by Pavel Zacha.
18:29 of 2nd period - Penalty to Charlie McAvoy is over, Charlie McAvoy is back on ice.
18:37 of 2nd period - Wrist shot by Nick Cousins.
18:37 of 2nd period - Shot Misses the Net.
18:39 of 2nd period - Wrist shot by Jason Dickinson.
18:39 of 2nd period - Shot Hit the Post.
18:41 of 2nd period - Slapshot by Jason Dickinson.
18:41 of 2nd period - Shot Hit the Post.
18:43 of 2nd period - Slapshot by Niko Mikkola.
18:43 of 2nd period - Shot Misses the Net.
18:45 of 2nd period - Wrist shot by Nick Cousins.
18:45 of 2nd period - Shot Misses the Net.
Goals for this period are 1 for Boston Bruins vs 1 for Florida Panthers.
Shots for this period are 9 for Boston Bruins vs 15 for Florida Panthers.

3rd period


0:01 of 3rd period - Aleksander Barkov wins face-off versus Charlie Coyle in neutral zone.
0:06 of 3rd period - Wrist shot by Aleksander Barkov.
0:06 of 3rd period - Goal by Aleksander Barkov - Boston Bruins : 2 - Florida Panthers : 2.
0:07 of 3rd period - Charlie Coyle wins face-off versus Aleksander Barkov in neutral zone.
0:17 of 3rd period - Snap shot by Brad Marchand.
0:17 of 3rd period - Shot Misses the Net.
0:21 of 3rd period - Snap shot by Charlie Coyle.
0:21 of 3rd period - Shot Misses the Net.
0:23 of 3rd period - Slapshot by Tony DeAngelo.
0:23 of 3rd period - Deflect By Aleksander Barkov.
0:23 of 3rd period - Stopped by Marc-Andre Fleury with a rebound.
0:44 of 3rd period - Slapshot by Pavel Zacha.
0:44 of 3rd period - Goal by Pavel Zacha - Boston Bruins : 3 - Florida Panthers : 2.
0:45 of 3rd period - Charlie Coyle wins face-off versus Aleksander Barkov in neutral zone.
1:14 of 3rd period - Matthew Tkachuk is hit by Dominik Kubalik and loses puck.
1:19 of 3rd period - Snap shot by Dominik Kubalik.
1:19 of 3rd period - Shot Misses the Net.
1:39 of 3rd period - Slapshot by Brandon Montour.
1:39 of 3rd period - Stopped by Linus Ullmark without a rebound.
1:40 of 3rd period - Jason Dickinson wins face-off versus Charlie Coyle in Boston Bruins zone.
1:49 of 3rd period - Slapshot by Dougie Hamilton.
1:49 of 3rd period - Shot Blocked by Jake DeBrusk.
1:51 of 3rd period - Snap shot by Jason Dickinson.
1:51 of 3rd period - Stopped by Linus Ullmark with a rebound.
1:53 of 3rd period - Snap shot by Gustav Forsling.
1:53 of 3rd period - Deflect By Nick Cousins.
1:53 of 3rd period - Shot Blocked by Brad Marchand.
1:53 of 3rd period - Puck is out of play.
1:54 of 3rd period - Aleksander Barkov wins face-off versus Charlie Coyle in Boston Bruins zone.
2:01 of 3rd period - Wrist shot by Aleksander Barkov.
2:01 of 3rd period - Shot Misses the Net.
2:26 of 3rd period - Snap shot by Pavel Zacha.
2:26 of 3rd period - Stopped by Marc-Andre Fleury without a rebound.
2:27 of 3rd period - Erik Haula wins face-off versus Pavel Zacha in Florida Panthers zone.
2:32 of 3rd period - Backhand shot by Brandon Montour.
2:32 of 3rd period - Deflect By Charlie McAvoy.
2:32 of 3rd period - Stopped by Linus Ullmark without a rebound.
2:33 of 3rd period - Charlie Coyle wins face-off versus Erik Haula in Boston Bruins zone.
2:44 of 3rd period - Wrist shot by Brad Marchand.
2:44 of 3rd period - Stopped by Marc-Andre Fleury with a rebound.
2:46 of 3rd period - Wrist shot by Brad Marchand.
2:46 of 3rd period - Shot Blocked by Aaron Ekblad.
2:48 of 3rd period - Slapshot by Charlie McAvoy.
2:48 of 3rd period - Stopped by Marc-Andre Fleury without a rebound.
2:49 of 3rd period - Aleksander Barkov wins face-off versus Jesper Fast in Florida Panthers zone.
3:15 of 3rd period - Matthew Tkachuk is hit by Charlie McAvoy and loses puck.
3:40 of 3rd period - Snap shot by Nick Cousins.
3:40 of 3rd period - Deflect By Jason Dickinson.
3:40 of 3rd period - Stopped by Linus Ullmark with a rebound.
3:44 of 3rd period - Snap shot by Jason Dickinson.
3:44 of 3rd period - Stopped by Linus Ullmark with a rebound.
3:46 of 3rd period - Snap shot by Jason Dickinson.
3:46 of 3rd period - Stopped by Linus Ullmark without a rebound.
3:47 of 3rd period - Aleksander Barkov wins face-off versus Trent Frederic in Boston Bruins zone.
3:48 of 3rd period - Slapshot by Dougie Hamilton.
3:48 of 3rd period - Stopped by Linus Ullmark without a rebound.
3:49 of 3rd period - Trent Frederic wins face-off versus Aleksander Barkov in Boston Bruins zone.
3:58 of 3rd period - Slapshot by Jesper Fast.
3:58 of 3rd period - Stopped by Marc-Andre Fleury without a rebound.
3:59 of 3rd period - Charlie Coyle wins face-off versus Evan Rodrigues in Florida Panthers zone.
4:08 of 3rd period - Wrist shot by Brad Marchand.
4:08 of 3rd period - Shot Misses the Net.
4:10 of 3rd period - Snap shot by Jake DeBrusk.
4:10 of 3rd period - Shot Misses the Net.
5:08 of 3rd period - Slapshot by Brandon Montour.
5:08 of 3rd period - Deflect By Eetu Luostarinen.
5:08 of 3rd period - Stopped by Linus Ullmark without a rebound.
5:09 of 3rd period - Patrick Brown wins face-off versus Eetu Luostarinen in Boston Bruins zone.
5:14 of 3rd period - Wrist shot by Sam Reinhart.
5:14 of 3rd period - Stopped by Linus Ullmark without a rebound.
5:15 of 3rd period - Charlie Coyle wins face-off versus Aleksander Barkov in Boston Bruins zone.
5:43 of 3rd period - Off-side.
5:44 of 3rd period - Erik Haula wins face-off versus Pavel Zacha in neutral zone.
5:47 of 3rd period - Snap shot by Matthew Tkachuk.
5:47 of 3rd period - Shot Blocked by Hampus Lindholm.
6:11 of 3rd period - Slapshot by Tony DeAngelo.
6:11 of 3rd period - Deflect By Matthew Tkachuk.
6:11 of 3rd period - Stopped by Marc-Andre Fleury without a rebound.
6:12 of 3rd period - Trent Frederic wins face-off versus Aleksander Barkov in Florida Panthers zone.
6:13 of 3rd period - Slapshot by Tony DeAngelo.
6:13 of 3rd period - Stopped by Marc-Andre Fleury without a rebound.
6:14 of 3rd period - Aleksander Barkov wins face-off versus Trent Frederic in Florida Panthers zone.
6:45 of 3rd period - Slapshot by Brad Marchand.
6:45 of 3rd period - Deflect By Charlie Coyle.
6:45 of 3rd period - Shot Misses the Net.
6:45 of 3rd period - Puck is out of play.
6:46 of 3rd period - Erik Haula wins face-off versus Brad Marchand in Florida Panthers zone.
7:43 of 3rd period - Minor Penalty to Milan Lucic for Tripping.
7:44 of 3rd period - Aleksander Barkov wins face-off versus Pavel Zacha in Boston Bruins zone.
7:44 of 3rd period - Slapshot by Dougie Hamilton.
7:44 of 3rd period - Shot Blocked by Derek Forbort.
9:17 of 3rd period - Icing by Dougie Hamilton.
9:18 of 3rd period - Erik Haula wins face-off versus Pavel Zacha in Florida Panthers zone.
9:33 of 3rd period - Brandon Carlo is hit by Aaron Ekblad and loses puck.
9:43 of 3rd period - Penalty to Milan Lucic is over, Milan Lucic is back on ice.
11:00 of 3rd period - Jake DeBrusk is hit by Gustav Forsling and loses puck.
11:25 of 3rd period - Slapshot by Hampus Lindholm.
11:25 of 3rd period - Stopped by Marc-Andre Fleury with a rebound.
11:41 of 3rd period - Icing by Matthew Tkachuk.
11:42 of 3rd period - Pavel Zacha wins face-off versus Erik Haula in Florida Panthers zone.
11:49 of 3rd period - Wrist shot by Pavel Zacha.
11:49 of 3rd period - Shot Blocked by Niko Mikkola.
11:51 of 3rd period - Snap shot by David Pastrnak.
11:51 of 3rd period - Shot Blocked by Jacob Bernard-Docker.
12:17 of 3rd period - Slapshot by Aleksander Barkov.
12:17 of 3rd period - Shot Blocked by Charlie Coyle.
12:19 of 3rd period - Slapshot by Carter Verhaeghe.
12:19 of 3rd period - Stopped by Linus Ullmark without a rebound.
12:20 of 3rd period - Aleksander Barkov wins face-off versus Pavel Zacha in Boston Bruins zone.
12:24 of 3rd period - Minor Penalty to Charlie McAvoy for Hooking.
12:25 of 3rd period - Erik Haula wins face-off versus Charlie Coyle in Boston Bruins zone.
13:12 of 3rd period - Icing by Gustav Forsling.
13:13 of 3rd period - Aleksander Barkov wins face-off versus Pavel Zacha in Florida Panthers zone.
13:26 of 3rd period - Slapshot by Brandon Montour.
13:26 of 3rd period - Stopped by Linus Ullmark without a rebound.
13:27 of 3rd period - Charlie Coyle wins face-off versus Aleksander Barkov in Boston Bruins zone.
13:27 of 3rd period - Charlie Coyle is hit by Evan Rodrigues.
13:53 of 3rd period - Dougie Hamilton is hit by Brad Marchand and loses puck.
13:58 of 3rd period - Snap shot by Brad Marchand.
13:58 of 3rd period - Stopped by Marc-Andre Fleury without a rebound.
13:59 of 3rd period - Charlie Coyle wins face-off versus Erik Haula in Florida Panthers zone.
14:24 of 3rd period - Penalty to Charlie McAvoy is over, Charlie McAvoy is back on ice.
15:44 of 3rd period - Wrist shot by Brad Marchand.
15:44 of 3rd period - Stopped by Marc-Andre Fleury with a rebound.
15:46 of 3rd period - Snap shot by Brad Marchand.
15:46 of 3rd period - Goal by Brad Marchand - Boston Bruins : 4 - Florida Panthers : 2.
15:47 of 3rd period - Eetu Luostarinen wins face-off versus Trent Frederic in neutral zone.
16:48 of 3rd period - Wrist shot by Nick Cousins.
16:48 of 3rd period - Stopped by Linus Ullmark without a rebound.
16:49 of 3rd period - Trent Frederic wins face-off versus Eetu Luostarinen in Boston Bruins zone.
17:06 of 3rd period - Snap shot by Jesper Fast.
17:06 of 3rd period - Stopped by Marc-Andre Fleury with a rebound.
17:16 of 3rd period - Derek Forbort is hit by Evan Rodrigues and loses puck.
17:37 of 3rd period - Minor Penalty to Aaron Ekblad for Holding.
17:38 of 3rd period - Charlie Coyle wins face-off versus Eetu Luostarinen in Florida Panthers zone.
18:42 of 3rd period - Slapshot by Charlie McAvoy.
18:42 of 3rd period - Stopped by Marc-Andre Fleury with a rebound.
18:44 of 3rd period - Snap shot by Pavel Zacha.
18:44 of 3rd period - Stopped by Marc-Andre Fleury with a rebound.
19:09 of 3rd period - Off-side.
19:10 of 3rd period - Charlie Coyle wins face-off versus Eetu Luostarinen in neutral zone.
19:12 of 3rd period - Off-side.
19:13 of 3rd period - Eetu Luostarinen wins face-off versus Charlie Coyle in neutral zone.
19:18 of 3rd period - Icing by Brandon Carlo.
19:19 of 3rd period - Charlie Coyle wins face-off versus Eetu Luostarinen in Boston Bruins zone.
19:37 of 3rd period - Penalty to Aaron Ekblad is over, Aaron Ekblad is back on ice.
Goals for this period are 2 for Boston Bruins vs 1 for Florida Panthers.
Shots for this period are 15 for Boston Bruins vs 13 for Florida Panthers.